 Dungeon Crawl Stone Soup version 0.26-a0-812-g31a745ddcd (webtiles) character file.

Game seed: 6403575152544603427

16 sahdkjhfkaj the Insei (level 2, -9/24 HPs)
             Began as a Human Monk on Nov 14, 2020.
             Killed from afar by a raiju (24 damage)
             ... with a living lightning
             ... on level 1 of the Abyss.
             The game lasted 00:03:10 (714 turns).

sahdkjhfkaj the Insei (Human Monk)                   Turns: 714, Time: 00:03:11

Health: -9/24      AC:  6    Str: 11    XL:     2   Next: 70%
Magic:  2/2        EV: 10    Int: 10    God:
Gold:   71         SH:  0    Dex: 15    Spells: 1/1 levels left

rFire    . . .     SeeInvis .   a - +0 hunting sling
rCold    . . .     Faith    .   (no shield)
rNeg     . . .     Spirit   .   c - +0 scale mail
rPois    .         Reflect  .   (no helmet)
rElec    .         Harm     .   (no cloak)
rCorr    .         Rampage  .   (no gloves)
MR       .....                  (no boots)
Stlth    +.........             (no amulet)
HPRegen  0.08/turn              (no ring)
MPRegen  0.08/turn              (no ring)

@: no status effects
A: no striking features
a: no special abilities


You were on level 1 of the Abyss.
You visited 1 branch of the dungeon, and saw 1 of its levels.
You visited the Abyss 1 time.

You collected 71 gold pieces.

Inventory:

Hand Weapons
 a - a +0 hunting sling (weapon)
Missiles
 b - 24 stones (quivered)
Armour
 c - a +0 scale mail (worn)
Scrolls
 d - a scroll of remove curse {!r}
Potions
 e - a potion of flight {!q}


   Skills:
 - Level 3.0 Fighting
 - Level 3.0 Dodging
 - Level 2.0 Stealth
 + Level 3.8 Unarmed Combat


You had one spell level left.
You didn't know any spells.
Your spell library was empty.

Dungeon Overview and Level Annotations

Branches:
Dungeon (1/15)

Altars:
Ashenzari


Message History

Really read
d - 2 scrolls labelled YKI YFUOSIU {!r}?
As you read the scroll labelled YKI YFUOSIU {!r}, it crumbles to dust.
You feel blessed for a moment.
It was a scroll of remove curse {!r}.
A raiju comes into view.
Okay, then.
Really read
f - a scroll labelled VUREIREUTA {!r}?
As you read the scroll labelled VUREIREUTA {!r}, it crumbles to dust.
It is a scroll of identify.
e - a potion of flight {!q} Really quaff
g - a coppery potion {!q}?
It was a potion of magic {!q}.
Magic courses through your body. The raiju closely misses you.
The raiju bursts into living lightning!
The living lightning misses you.
The raiju blinks!
The raiju bites you but does no damage.
A large abomination comes into view.
The raiju bursts into living lightning!
The living lightning hits you!!
Ouch! That really hurt!
You die...

.# . . # ####.. .
. #. ##..X... . .
##. #....#.# .
#.....#####....ยง.
. . #.#
......#.... . . .
.h## #..#..# .# .
. .#..#@..# ...
.h. .#.#h###.## ##
# ..#.h#.#.#.# # .
#.. #........# #
##..###..##.#.# #
#.#.#..#.###. .. .
#...h.##.#.. ##
#..##.....# #####.
. ##..#.#...#..
#..# ..


You could see a large abomination and 2 raiju.

Vanquished Creatures
  3 dart slugs (D:1)
  A goblin (D:1)
  2 hobgoblins (D:1)
  A bat (D:1)
  2 frilled lizards (D:1)
  2 rats (D:1)
11 creatures vanquished.

Notes
Turn   | Place    | Note
-------+----------+-------------------------------------------
     0 | D:1      | sahdkjhfkaj the Human Monk began the quest for the Orb.
     0 | D:1      | Reached XP level 1. HP: 18/18 MP: 1/1
    52 | D:1      | Found a broken altar of Ashenzari.
   228 | D:1      | Reached XP level 2. HP: 22/24 MP: 2/2
   622 | D:1      | Cast into level 1 of the Abyss (goblin)
   698 | Abyss:1  | Noticed a raiju
   699 | Abyss:1  | Noticed a raiju
   702 | Abyss:1  | Noticed a raiju
   713 | Abyss:1  | Noticed a large abomination
   714 | Abyss:1  | Killed from afar by a raiju

Illustrated notes

Levels and vault maps discovered:
D:1:      ncdulo_wetmaze, layout_basic, nicolae_ashenzari_panopticon
Abyss:1:  base:
D:1

Action                   || total
-------------------------++-------
Melee: Unarmed           ||    24
 Fire: Hunting sling     ||     2
Throw: Stone             ||    32
  Use: Scroll            ||     2
       Potion            ||     1
 Stab: Sleeping          ||     1
Armor: Scale mail        ||    10
Dodge: Dodged            ||     9

Table legend: (Time is in decaauts)
 A = Elapsed time spent in this place.
 B = Non-inter-level travel time spent in this place.
 C = Inter-level travel time spent in this place.
 D = Time resting spent in this place.
 E = Time spent auto-exploring this place.
 F = Levels seen in this place.
 G = Mean time per level.
                   A        B        C        D        E       F      G
               +--------+--------+--------+--------+--------+-----+--------+
         Total |    721 |    721 |      0 |      3 |    395 |   2 |  360.5 |
       Dungeon |    629 |    629 |      0 |      3 |    395 |   1 |  629.0 |
         Abyss |     91 |     91 |      0 |      0 |      0 |   1 |   91.0 |
               +--------+--------+--------+--------+--------+-----+--------+

Top non-repeatable levels by time:
     D:1: 629 daAuts
 Abyss:1: 91 daAuts
